 Dungeon Crawl Stone Soup version 0.29.0-7-g18a832c13a (webtiles) character file.

Game seed: 4348924215993845748

3815 mtoz the Fighter (level 9, -7/83 HPs)
             Began as a Minotaur Berserker on Sept 1, 2022.
             Was a Priest of Trog.
             Succumbed to Amaemon's poison
             ... on level 8 of the Dungeon.
             The game lasted 00:17:01 (6961 turns).

mtoz the Fighter (Minotaur Berserker)               Turns: 6961, Time: 00:17:02

Health: -7/83      AC: 16    Str: 26    XL:     9   Next: 97%
Magic:  8/8        EV: 15    Int:  4    God:    Trog [***...]
Gold:   371        SH:  0    Dex: 10    Spells: 8/8 levels left

rFire   . . .      SeeInvis .   m - +0 war axe
rCold   . . .      Faith    .   (no shield)
rNeg    . . .      Spirit   .   e - +0 chain mail
rPois   .          Reflect  .   (helmet restricted)
rElec   .          Harm     .   w - +0 cloak
rCorr   .          Rampage  .   (no gloves)
Will    .....                   i - +2 pair of boots {Stlth+}
Stlth   ..........              (no amulet)
HPRegen 0.23/turn               l - +4 ring of evasion
MPRegen 0.11/turn               (no ring)

@: lethally poisoned (-7 -> -60)
A: horns 2, retaliatory headbutt
a: Renounce Religion, Berserk, Trog's Hand


You were on level 8 of the Dungeon.
You worshipped Trog.
Trog was most pleased with you.
You visited 1 branch of the dungeon, and saw 8 of its levels.
You also visited: Ossuary.

You collected 423 gold pieces.
You spent 52 gold pieces at shops.

Inventory:

Hand Weapons
 m - a +0 war axe (weapon)
 s - a +0 mace
 t - a +3 trident
 x - a +0 flail of draining
 B - a +0 morningstar
Armour
 e - a +0 chain mail (worn)
 i - a +2 pair of boots of stealth (worn)
 w - a +0 cloak (worn)
Jewellery
 l - a +4 ring of evasion (left hand)
 r - a ring of flight
 A - a ring of fire
 E - a ring of protection from cold
Wands
 o - a wand of flame (11)
 y - a wand of roots (10)
Scrolls
 c - a scroll of magic mapping
 d - 3 scrolls of immolation {unknown}
 g - 2 scrolls of fog {unknown}
 j - 9 scrolls of teleportation {unknown}
 n - a scroll of enchant weapon {unknown}
 p - a scroll of vulnerability {unknown}
 q - 2 scrolls of amnesia {unknown}
 u - 2 scrolls of identify
Potions
 a - 4 potions of heal wounds
 b - a potion of mutation
 f - a potion of magic
 h - 4 potions of haste
 k - 3 potions of curing
 v - 2 potions of might
 z - a potion of lignification {unknown}


   Skills:
 + Level 9.3 Fighting
 + Level 9.3 Axes
 + Level 9.0 Armour
 + Level 8.2 Dodging


You had 8 spell levels left.
You didn't know any spells.
Your spell library was empty.

Dungeon Overview and Level Annotations

Branches:
Dungeon (8/15)             Temple (0/1) D:7         Ossuary (visited)
   Lair: D:8-11

Altars:
Dithmenos
Elyvilon
Okawaru
Qazlal
Trog
Uskayaw
Wu Jian
The Shining One

Shops:
D:2 [   D:7 *

Annotations:
D:8 Amaemon


Innate Abilities, Weirdness & Mutations

You have a pair of horns on your head.
You reflexively headbutt those who attack you in melee.


Message History

Amaemon is heavily wounded.
You hit the scorpion.
You feel very sick. The scorpion closely misses you. You furiously retaliate!
You headbutt the scorpion. Amaemon completely misses you. x2
Amaemon barely misses you. The scorpion stings you.
You are more poisoned.
The scorpion poisons you!
You barely miss Amaemon.
Amaemon is heavily wounded.
You slash the scorpion!
You kill the scorpion!
The scorpion's corpse disappears in a puff of smoke!
You feel very sick. Amaemon hits you but does no damage.
You are more poisoned.
Amaemon claws you!
* * * LOW HITPOINT WARNING * * *
Amaemon tail-slaps you but does no damage.
Amaemon closely misses you. Amaemon claws you but does no damage.
Amaemon misses you.
You feel much better.
You feel extremely sick. Amaemon barely misses you.
Amaemon claws you but does no damage. Amaemon tail-slaps you.
You are lethally poisoned!
Amaemon poisons you!
You recover from your berserk rage.
* * * LOW HITPOINT WARNING * * *
You feel extremely sick.
The scorpion disappears in a puff of smoke!
Amaemon points at the scorpion and mumbles some strange words.
The scorpion seems to grow toxic.
Amaemon attacks as you move away!
Amaemon hits you with a +0 demon whip of venom!
* * * LOW HITPOINT WARNING * * *
You are more poisoned.
Amaemon completely misses you. Amaemon closely misses you.
You feel yourself speed up.
You die...

#.............# #.# ##
#.............# #.#
#######.......####.## #
#...................# #
#######§#####.####.## #
#......6......# #.# #
#######.####### #.# ##
#.##########.# ######.
#....s6.@....# #......
##########...# ####.[# ##
..........+ ##.#.##
#.#####+########...######....#
#.........<...#............#)#
#..........##.#............#[#
#..................#####.# #.#
#....†....(.#.##...# #.###.##
#...........#.##...# ##.......


You could see Amaemon and a scorpion (summoned, curare).

Vanquished Creatures
  An orange demon (D:8)
  A troll (D:6)
  Eustachio (D:4)
  A steam dragon (D:7)
  Duvessa (D:6)
  A water moccasin (D:8)
  3 ice beasts
  4 ogres
  2 centaurs
  A phantom (D:6)
  5 elf zombies (Ossuary)
  2 necrophages (D:6)
  4 scorpions
  3 bullfrogs
  3 wights (D:8)
  Dowan (D:6)
  3 howler monkeys (D:8)
  5 hounds
  3 jellies
  An orc priest (D:7)
  A gnoll bouda (D:7)
  5 iguanas
  2 mummies (Ossuary)
  8 gnolls
  13 adders
  A shadow imp (D:5)
  3 white imps
  An adder zombie (Ossuary)
  2 worms
  11 orcs
  5 bats
  7 endoplasms
  4 giant cockroaches
  11 hobgoblins
  4 jackals (D:2)
  5 kobolds
  4 quokkas
  6 ball pythons
  2 frilled lizards
  6 goblins
  12 hobgoblin zombies (Ossuary)
  A jackal zombie (Ossuary)
  7 kobold zombies (Ossuary)
  8 orc zombies (Ossuary)
  5 rats
  3 rat zombies (Ossuary)
183 creatures vanquished.

Vanquished Creatures (others)
  A plant (D:1)
  A withered plant (D:1)
2 creatures vanquished.

Grand Total: 185 creatures vanquished

Notes
Turn   | Place    | Note
-------+----------+-------------------------------------------
     0 | D:1      | mtoz the Minotaur Berserker began the quest for the Orb.
     0 | D:1      | Reached XP level 1. HP: 19/19 MP: 0/0
   255 | D:1      | Reached XP level 2. HP: 9/27 MP: 1/1
   761 | D:1      | Found a faded altar of an unknown god.
  1242 | D:2      | Reached XP level 3. HP: 24/33 MP: 2/2
  1463 | D:1      | Reached XP level 4. HP: 30/41 MP: 3/3
  1564 | D:2      | Found Ruwkidd's Antique Armour Shop.
  1788 | D:2      | Found a glowing golden altar of the Shining One.
  2037 | D:3      | Reached ** piety under Trog
  2254 | D:3      | Reached XP level 5. HP: 47/47 MP: 4/4
  2793 | D:4      | Reached skill level 5 in Fighting
  2793 | D:4      | Reached skill level 5 in Axes
  2813 | D:4      | Noticed Eustachio
  2821 | D:4      | Killed Eustachio
  2822 | D:4      | Reached XP level 6. HP: 56/56 MP: 5/5
  2893 | D:4      | Reached skill level 5 in Armour
  2893 | D:4      | Reached XP level 7. HP: 62/62 MP: 6/6
  2901 | D:4      | Found a hide-covered altar of Uskayaw.
  2918 | D:4      | Identified the +9 sling "Tuschuere" {speed, rPois rF+ rCorr
                  | Dex+3}
  3167 | D:5      | Entered Level 5 of the Dungeon
  3220 | D:5      | Found a sand-covered staircase.
  3227 | Ossuary  | Entered an ossuary
  3305 | Ossuary  | Reached *** piety under Trog
  3395 | Ossuary  | Reached skill level 5 in Dodging
  3609 | D:5      | Reached XP level 8. HP: 45/71 MP: 7/7
  4081 | D:5      | Found a shadowy altar of Dithmenos.
  5144 | D:6      | Noticed a troll
  5153 | D:6      | Killed a troll
  5407 | D:6      | Reached XP level 9. HP: 81/81 MP: 8/8
  5478 | D:6      | Noticed Dowan
  5478 | D:6      | Noticed Duvessa
  5485 | D:6      | Killed Dowan
  5488 | D:6      | Killed Duvessa
  5524 | D:6      | Found a bloodstained altar of Trog.
  5822 | D:7      | Identified the +4 falchion of Baeck {vorpal, rElec Int-2
                  | Dex+8 Stlth+}
  5906 | D:7      | Found an iron altar of Okawaru.
  6116 | D:7      | Found a staircase to the Ecumenical Temple.
  6151 | D:7      | Found a stormy altar of Qazlal.
  6152 | D:7      | Found a white marble altar of Elyvilon.
  6153 | D:7      | Found an ornate altar of the Wu Jian Council.
  6203 | D:7      | Found Asuaso's Assorted Antiques.
  6211 | D:7      | Bought a scroll of identify for 52 gold pieces
  6914 | D:8      | Noticed an orange demon
  6921 | D:8      | Killed an orange demon
  6927 | D:8      | Noticed Amaemon
  6961 | D:8      | Succumbed to Amaemon's poison

Illustrated notes

Levels and vault maps discovered:
D:1:      lightli_arrival_statuegarden, layout_loops_ring,
          shapermc_ecumenical_altar_flowoftime
D:2:      layout_rooms, basic_altar, serial_shops, shop
D:3:      layout_rooms
D:4:      kennysheep_big_flooded_room, layout_rooms,
          mainiacjoe_overflow_chevrons, uniq_eustachio
D:5:      layout_basic, grunt_dithmenos_smoke, nicolae_ossuary_entry_ruins,
          small_statue_intersection
D:6:      layout_loops_ring, mainiacjoe_overflow_surrounded_room, uniq_duvessa
D:7:      layout_basic, okawaru_trees_2,
          chequers_temple_overflow_statue_of_worship,
          minmay_temple_entry_gardened_gates, nicolae_stop_n_shop_1, minmay_puff
D:8:      layout_basic, zin_scriptorium, nicolae_tso_carved_into_rock,
          uniq_amaemon

Skill      XL: |  1  2  3  4  5  6  7  8  9 |
---------------+----------------------------+-----
Fighting       | 4 5 6 7 9 |  9.3
Axes           | 4 5 6 7 9 |  9.3
Armour         | 3 4 5 6 7 9 |  9.0
Dodging        | 3 4 5 6 8 |  8.2

Action                   |  1- 3 |  4- 6 |  7- 9 || total
-------------------------+-------+-------+-------++-------
Melee: Hand axe          |    58 |    70 |       ||   128
       Headbutt          |     8 |    17 |    55 ||    80
       War axe           |       |    47 |   320 ||   367
       Punch             |       |       |     5 ||     5
Invok: Berserk           |     2 |     1 |     5 ||     8
       Trog's Hand       |       |     2 |     5 ||     7
Evoke: Wand              |       |       |     3 ||     3
  Use: Scroll            |       |     5 |     4 ||     9
       Potion            |       |       |     7 ||     7
Armor: Chain mail        |    40 |    54 |   147 ||   241
Dodge: Dodged            |    22 |    77 |   273 ||   372
